cohdb
Replays
Latest Replays
All Replays
Popular Replays
Top Player Replays
Match Explorer
How It Works
Community
CoH3 Stats
Reddit
Sign in to upload your games and track your stats! →
Sign in with Steam
Match 44736689
Unlisted
Match 44736689
Overview
Messages
Build Orders
End
Kradschützen Motorcycle Team
Panzergrenadier Squad
250 Light Carrier
Construct Light Support Kompanie
MG34 Team
Panzergrenadier Squad
Fire Support Elements
Panzerjäger Squad
Assault Mechanized Group
Flakvierling Half-track
Vehicle Survival Package
Selects Battlefield Espionage Battlegroup
Selects Sector Subterfuge Beacon
Construct Panzerarmee Kommand
Veteran Squad Leaders
Selects Plunder
Selects Firestorm
Selects 250/3 Funkpanzerwagen
Panzerjäger Mechanized Group
Selects Anti-Tank Incendiary Munitions
Panzer III L Medium Tank
Firestorm
Selects Operation Skorpion
2.5-tonne Medical Truck
Panzer III L Medium Tank
Tungsten Core Ammunition
Armored Reserves
Panzer IV Assault Group
Emergency Repair Kits
Flak 36 Anti-tank Gun Team
250/3 Funkpanzerwagen
Firestorm
Panzer IV Assault Group
Flak 36 Anti-tank Gun Team
DirtyDan
GKarsa
0
0
Comments
sign in to comment!
No comments posted yet!